 Dungeon Crawl Stone Soup version 0.27.0-1-g7a089689b8 (webtiles) character file.

Game seed: 8941769912267973636

872 garrulousMonolith the Poker (level 7, -1/55 HPs)
             Began as a Demonspawn Fighter on Aug 13, 2021.
             Was an Initiate of Yredelemnul.
             Slain by a water moccasin (7 damage)
             ... on level 5 of the Dungeon.
             The game lasted 00:06:37 (6040 turns).

garrulousMonolith the Poker (Demonspawn Fighter)    Turns: 6040, Time: 00:06:38

Health: -1/55      AC: 10    Str: 17    XL:     7   Next: 74%
Magic:  1/7        EV:  6    Int: 10    God:    Yredelemnul [......]
Gold:   308        SH:  9    Dex: 13    Spells: 6/6 levels left

rFire    . . .     SeeInvis .   r - +2 short sword (venom)
rCold    . . .     Faith    .   c - +0 kite shield
rNeg     . . .     Spirit   .   f - +0 chain mail
rPois    .         Reflect  .   (no helmet)
rElec    .         Harm     .   (no cloak)
rCorr    .         Rampage  .   (no gloves)
Will     .....                  k - +0 pair of boots
Stlth    ..........             (no amulet)
HPRegen  0.18/turn              (no ring)
MPRegen  0.10/turn              (no ring)

@: lethally poisoned (-1 -> -3), studying Fire Magic
A: demonic guardian 1, powered by pain 1, sturdy frame 1
a: Renounce Religion


You were on level 5 of the Dungeon.
You worshipped Yredelemnul.
Yredelemnul was noncommittal.
You visited 2 branches of the dungeon, and saw 7 of its levels.

You collected 308 gold pieces.

Inventory:

Hand Weapons
 a - a +0 trident
 g - a +3 dagger
 r - a +2 short sword of venom (weapon)
 v - the +3 morningstar of Hogit {chaos, MP-9 Dex+6}
   (You found it on level 4 of the Dungeon)

   Each time it hits an enemy it has a different, random effect.
   Dex:       It affects your dexterity (+6).
   MP:        It affects your magic capacity (-9).
Missiles
 n - 34 poisoned darts (quivered)
 y - 2 throwing nets
Armour
 b - a +0 scale mail
 c - a +0 kite shield (worn)
 f - a +0 chain mail (worn)
 k - a +0 pair of boots (worn)
 w - a +2 buckler
Jewellery
 j - a +6 ring of intelligence
 A - a ring of wizardry
Wands
 t - a wand of flame (21)
Scrolls
 e - a scroll of teleportation
 l - 2 scrolls of magic mapping
 m - a scroll of acquirement {unknown}
 o - a scroll of fog {unknown}
 s - a scroll of brand weapon {unknown}
 u - a scroll of immolation {unknown}
 x - a scroll of enchant armour {unknown}
 z - a scroll of blinking {unknown}
 B - a scroll of identify
Potions
 d - 3 potions of might
 h - a potion of mutation
 i - 2 potions of brilliance
 p - 2 potions of lignification


   Skills:
 + Level 4.8 Fighting
 * Level 5.3 Polearms
 + Level 4.4 Armour
 + Level 4.4 Shields
 + Level 0.5 Invocations


You had 6 spell levels left.
You didn't know any spells.
Your spell library contained the following spells:

 Spells                   Type           Power      Damage    Failure   Level
 Animate Skeleton         Necr           0%         N/A       100%        1
 Pain                     Necr           0%         1d4       100%        1
 Dazzling Flash           Conj/Hex       0%         N/A       100%        3
 Vampiric Draining        Necr           0%         2d6       100%        3
 Iskenderun's Mystic Bla  Conj/Tloc      0%         2d3       100%        4
 Starburst                Conj/Fire      0%         8x6d3     100%        6


Dungeon Overview and Level Annotations

Branches:
Dungeon (6/15)             Temple (1/1) D:4

Altars:
Ashenzari
Cheibriados
Dithmenos
Elyvilon
Fedhas
Gozag
Hepliaklqana
Kikubaaqudgha
Nemelex Xobeh
Okawaru
Sif Muna
Trog
Uskayaw
Vehumet
Xom
Yredelemnul
Zin
The Shining One


Innate Abilities, Weirdness & Mutations

A weak demonic guardian rushes to your aid.
You sometimes gain a little power by taking damage.
Your movements are slightly less encumbered by armour. (ER -2)


Message History

You feel sick.
You block the water moccasin's attack. x2
You miss the water moccasin.
The water moccasin is moderately wounded.
You feel sick. You block the water moccasin's attack.
The water moccasin bites you.
You barely miss the water moccasin.
The water moccasin is moderately wounded.
You feel sick.
You are no longer poisoned.
The water moccasin bites you. The water moccasin bites you!
You are poisoned.
The water moccasin poisons you!
You hit the water moccasin.
The water moccasin is heavily wounded.
* * * LOW HITPOINT WARNING * * *
You feel very sick.
The water moccasin bites you but does no damage.
You block the water moccasin's attack.
You miss the water moccasin.
The water moccasin is heavily wounded.
You feel very sick.
The water moccasin bites you but does no damage.
You puncture the water moccasin!
The water moccasin is severely wounded.
You feel very sick. You block the water moccasin's attack.
The water moccasin bites you.
* * * LOW HITPOINT WARNING * * *
A demonic guardian appears!
You barely miss the water moccasin.
The water moccasin is severely wounded.
You feel sick. You block the water moccasin's attack.
Your quasit closely misses the water moccasin.
Your quasit claws the water moccasin but does no damage.
Your quasit completely misses the water moccasin.
You block the water moccasin's attack.
You barely miss the water moccasin.
The water moccasin is severely wounded.
You feel sick. The water moccasin bites you!
You die...
Your body rises from the dead as a mindless zombie.

.....<..............#
.#########..........#
.# #..........# .#
#.#.>......# ##
#.#........#
#.#........#
####))........#
####(...))....S..#
###....##.#<...@.5.#
#....####.##########
#.##...##.#
##.##...##.#####
#.##.....###...##
#.#.8...8.#.....##
#.#.......#......#
..#.......#......#
####.._..##...<..#


You could see a water moccasin (agile, ally target) and a friendly quasit
(summoned).

Vanquished Creatures
  A black bear (D:4)
  An ogre (D:5)
  2 centaurs (D:5)
  A scorpion (D:6)
  A centaur skeleton (D:5)
  A gnoll shaman (D:5)
  4 iguanas
  3 hound skeletons
  5 gnolls (D:5)
  2 adders (D:4)
  A white imp (D:5)
  2 worms (D:5)
  4 dart slugs
  5 orcs
  4 ball pythons
  11 endoplasms
  A giant cockroach (D:1)
  12 goblins
  9 hobgoblins
  6 jackals
  7 kobolds
  7 quokkas
  5 bats
  5 frilled lizards
  8 rats
108 creatures vanquished.

Vanquished Creatures (collateral kills)
  A sky beast (D:5)
  A gnoll (D:5)
  A hobgoblin (D:3)
  A jackal (D:3)
4 creatures vanquished.

Vanquished Creatures (others)
  5 plants (D:4)
5 creatures vanquished.

Grand Total: 117 creatures vanquished

Notes
Turn   | Place    | Note
-------+----------+-------------------------------------------
     0 | D:1      | garrulousMonolith the Demonspawn Fighter began the quest
                  | for the Orb.
     0 | D:1      | Reached XP level 1. HP: 18/18 MP: 1/1
   288 | D:1      | Reached skill level 2 in Polearms
   298 | D:1      | Gained mutation: A weak demonic guardian rushes to your
                  | aid. [demonic ancestry]
   298 | D:1      | Reached XP level 2. HP: 24/24 MP: 2/2
   373 | D:1      | Found a faded altar of an unknown god.
   573 | D:1      | Gained mutation: Your movements are slightly less
                  | encumbered by armour. (ER -2) [demonic ancestry]
   573 | D:1      | Reached XP level 3. HP: 23/29 MP: 3/3
  2262 | D:3      | Gained mutation: You sometimes gain a little power by
                  | taking damage. [demonic ancestry]
  2262 | D:3      | Reached XP level 4. HP: 29/35 MP: 4/4
  2969 | D:3      | Identified the +5 great mace of Midsummer {vorpal, rCorr
                  | SInv}
  3041 | D:3      | Found an opulent altar of Gozag.
  3093 | D:4      | Reached skill level 3 in Polearms
  3410 | D:4      | Reached XP level 5. HP: 14/42 MP: 5/5
  3720 | D:4      | Identified the +3 morningstar of Hogit {chaos, MP-9 Dex+6}
  4080 | D:4      | Found a staircase to the Ecumenical Temple.
  4193 | Temple   | Entered the Ecumenical Temple
  4220 | Temple   | Became a worshipper of Yredelemnul the Dark
  4484 | D:5      | Entered Level 5 of the Dungeon
  4484 | D:5      | Noticed an ogre
  4488 | D:5      | Killed an ogre
  4489 | D:5      | Reached XP level 6. HP: 28/48 MP: 6/6
  4495 | D:5      | Reached skill level 4 in Polearms
  4630 | D:5      | Found a bloodstained altar of Trog.
  5008 | D:5      | Noticed a sky beast
  5015 | D:5      | Killed a sky beast
  5016 | D:5      | Reached XP level 7. HP: 38/55 MP: 0/7
  5407 | D:5      | Reached skill level 5 in Polearms
  6040 | D:5      | Slain by a water moccasin

Illustrated notes

Levels and vault maps discovered:
D:1:      sevenhm_arrival_forest_fort_large_4, layout_basic,
          hellmonk_ecumenical_altar_heavens_door, minmay_pentomino_t4
D:2:      layout_basic
D:3:      layout_rooms, grunt_temple_overflow_gold_and_silver, minmay_checkerbox
D:4:      minmay_general_purpose_star, layout_loops_ring,
          nicolae_elyvilon_temple_path, minmay_temple_entry_offerings
D:5:      layout_rooms, trog_antimagical, hangedman_decor_lopped,
          minmay_manual_mares
D:6:      layout_layer_cave, minmay_lizard_king
Temple:   eino_temple_lava

Skill      XL: |  1  2  3  4  5  6  7 |
---------------+----------------------+-----
Polearms       | 2 3 4 5 |  5.3
Armour         | 3 4 |  4.4
Shields        | 3 4 |  4.4
Fighting       | 4 |  4.8
Invocations    | |  0.5

Action                   |  1- 3 |  4- 6 |  7- 9 || total
-------------------------+-------+-------+-------++-------
Melee: Trident           |   157 |    58 |       ||   215
       Short sword       |       |    85 |     8 ||    93
       Morningstar       |       |    18 |    56 ||    74
  Use: Scroll            |     4 |     1 |     1 ||     6
       Potion            |       |     1 |     4 ||     5
 Stab: Paralysed         |       |       |     1 ||     1
Armor: Scale mail        |    69 |    61 |       ||   130
       Chain mail        |       |    36 |    49 ||    85
Dodge: Dodged            |    21 |    62 |    31 ||   114
Block: Kite shield       |    50 |    90 |    50 ||   190
